 Dungeon Crawl Stone Soup version 0.31-a0-355-g57cb03d3e8 (webtiles) character file.

Game seed: 18235235384578368291

3621 bmack86 the Severer (level 9, 0/70 HPs)
             Began as a Minotaur Fighter on July 25, 2023.
             Was a Believer of Okawaru.
             Slain by Amaemon
             ... wielding a +0 demon whip of venom
              (9 damage)
             ... on level 8 of the Dungeon.
             The game lasted 00:16:44 (6832 turns).

bmack86 the Severer (Minotaur Fighter)              Turns: 6832, Time: 00:16:45

Health: 0/70       AC: 14    Str: 26    XL:     9   Next: 86%
Magic:  8/8        EV:  8    Int:  5    God:    Okawaru [**....]
Gold:   424        SH:  4    Dex:  9    Spells: 8/8 levels left

rFire   . . .        F - +0 broad axe
rCold   . . .        c - +0 buckler
rNeg    . . .        x - +2 chain mail {Will+}
rPois   .            (helmet restricted)
rElec   .            q - +2 cloak
rCorr   .            (no gloves)
SInv    .            (no boots)
Will    ++...        (no amulet) Stlth
                     m - ring of wizardry
HPRegen 0.31/turn    j - ring of willpower
MPRegen 0.11/turn

%: wizardry (x1)
@: mighty, lethally poisoned (0 -> -40)
A: horns 2, retaliatory headbutt
a: Renounce Religion, Heroism


You were on level 8 of the Dungeon.
You worshipped Okawaru.
Okawaru was pleased with you.
You visited 2 branches of the dungeon, and saw 9 of its levels.
You also visited: Sewer and Ossuary.

You collected 424 gold pieces.

Inventory:

Hand Weapons
 a - a +0 war axe
 F - a +0 broad axe (weapon)
Missiles
 t - 2 javelins
Armour
 b - a +0 scale mail
 c - a +0 buckler (worn)
 h - a +0 chain mail
 q - a +2 cloak (worn)
 x - a +2 chain mail of willpower (worn)
 G - a +0 kite shield
Jewellery
 j - a ring of willpower (right hand)
 m - a ring of wizardry (left hand)
 n - a ring of willpower
 A - a ring of willpower
 B - a +5 ring of evasion
Wands
 w - a wand of quicksilver (11)
 E - a wand of mindburst (6)
Scrolls
 g - 4 scrolls of poison
 k - 3 scrolls of fear
 u - 2 scrolls of teleportation
 y - a scroll of blinking
 C - a scroll of identify {unknown}
 D - a scroll of enchant armour
Potions
 d - 3 potions of might
 e - a potion of berserk rage
 f - 5 potions of attraction {unknown}
 i - 3 potions of mutation {unknown}
 l - a potion of enlightenment {unknown}
 o - 2 potions of lignification {unknown}
 p - 3 potions of heal wounds {unknown}
 r - 2 potions of cancellation {unknown}
 s - 3 potions of curing {unknown}
 v - a potion of ambrosia {unknown}
 z - 3 potions of invisibility {unknown}


   Skills:
 - Level 3.6 Fighting
 + Level 16.6 Axes
 - Level 3.6 Armour
 - Level 3.6 Shields


You had 8 spell levels left.
You didn't know any spells.
Your spell library contained the following spells:

 Spells                   Type           Power      Damage    Failure   Level
 Slow                     Hex            0%         N/A       75%         1
 Static Discharge         Conj/Air       0%         2-2/arc   86%         2
 Confusing Touch          Hex            0%         N/A       97%         3
 Vampiric Draining        Necr           0%         2d6       97%         3
 Airstrike                Air            0%         2d(0-16)  100%        4
 Summon Lightning Spire   Summ/Air       Unusable   N/A       N/A         4

Dungeon Overview and Level Annotations

Branches:
Dungeon (8/15)             Temple (1/1) D:6           Sewer (visited)
Ossuary (visited)
   Lair: D:8-11

Altars:
Ashenzari
Cheibriados
Dithmenos
Fedhas
Hepliaklqana
Kikubaaqudgha
Makhleb
Nemelex Xobeh
Okawaru
Qazlal
Ru
Sif Muna
Trog
Uskayaw
Vehumet
Wu Jian
Xom
Yredelemnul
Zin
The Shining One

Shops:
D:2 *   D:6 *   D:7 *

Annotations:
D:8 Amaemon


Innate Abilities, Weirdness & Mutations

You have a pair of horns on your head.
You reflexively headbutt those who attack you in melee.


Message History

Okay, then.
You fail to use your ability.
You feel very sick. Amaemon closely misses you. You furiously retaliate!
You headbutt Amaemon! Amaemon claws you but does no damage.
Amaemon closely misses you.
The orange demon stings you but does no damage.
You slice Amaemon!! You headbutt Amaemon.
Amaemon is moderately wounded.
You feel sick. Amaemon hits you but does no damage.
You are more poisoned.
Amaemon barely misses you.
Amaemon tail-slaps you but does no damage.
You block the orange demon's attack.
You feel very mighty all of a sudden.
You feel very sick.
Amaemon sings, "Eyes close, heart stop, nighty-night for you..."
Amaemon hits you with a +0 demon whip of venom!
You are more poisoned.
Amaemon claws you but does no damage. Amaemon barely misses you.
The orange demon stings you from afar.
You are lethally poisoned!
The orange demon poisons you!
You closely miss Amaemon.
Amaemon is moderately wounded.
You feel extremely sick.
Amaemon hits you with a +0 demon whip of venom.
You are more poisoned.
Amaemon claws you. Amaemon barely misses you.
The orange demon barely misses you.
You barely miss Amaemon. You headbutt Amaemon!!
Amaemon is heavily wounded.
* * * LOW HITPOINT WARNING * * *
You feel extremely sick.
Unknown command.
You miss Amaemon.
Amaemon is heavily wounded.
* * * LOW HITPOINT WARNING * * *
You feel extremely sick.
Amaemon hits you with a +0 demon whip of venom!
You die...

+........#
#........#
#........#
#........##
#.........###
#............
#..(....##.##
#..###### .#
#@.# # #6.#
#..4. #.#....
..#...##
.####.# . .#
.. #


You could see Amaemon and an orange demon.

Vanquished Creatures
  Maggie (D:7)
  Prince Ribbit (D:5)
  Eustachio (D:5)
  A steam dragon (D:7)
  Menkaure (D:7)
  A water moccasin (Sewer)
  Duvessa (D:7)
  4 sky beasts
  An ice beast (D:6)
  2 black bears
  2 centaurs
  6 bullfrogs
  A gnoll sergeant (D:8)
  A scorpion (D:5)
  6 water moccasin zombies (Ossuary)
  Dowan (D:7)
  2 jellies
  Crazy Yiuf (D:3)
  4 orc priests
  3 hounds
  Ijyb (D:5)
  3 orc wizards
  4 iguanas
  3 mummies
  Robin (D:3)
  6 gnolls
  7 adders
  A shadow imp (D:7)
  A white imp (D:7)
  An ufetubus (D:6)
  3 adder zombies (Ossuary)
  4 worms
  A dart slug (D:3)
  16 orcs
  11 endoplasms
  3 giant cockroaches
  2 gnoll zombies (Ossuary)
  22 goblins
  6 hobgoblins
  15 jackals
  2 quokkas
  11 ball pythons
  15 bats
  5 frilled lizards
  7 hobgoblin zombies (Ossuary)
  8 kobolds
  3 kobold zombies (Ossuary)
  6 orc zombies (Ossuary)
  3 rats
212 creatures vanquished.

Vanquished Creatures (collateral kills)
  A hobgoblin (D:3)
1 creature vanquished.

Grand Total: 213 creatures vanquished

Notes
Turn   | Place    | Note
-------+----------+-------------------------------------------
     0 | D:1      | bmack86 the Minotaur Fighter began the quest for the Orb.
     0 | D:1      | Reached XP level 1. HP: 19/19 MP: 0/0
   132 | D:1      | Reached skill level 3 in Axes
   178 | D:1      | Reached XP level 2. HP: 24/26 MP: 1/1
   486 | D:1      | Reached skill level 4 in Axes
   786 | D:2      | Found Uzaixa's General Store.
   801 | D:2      | Reached XP level 3. HP: 31/31 MP: 2/2
  1078 | D:2      | Reached skill level 5 in Axes
  1150 | D:2      | Reached XP level 4. HP: 37/39 MP: 3/3
  1398 | D:3      | Noticed Robin
  1411 | D:3      | Killed Robin
  1412 | D:3      | Reached skill level 6 in Axes
  1642 | D:3      | Found a faded altar of an unknown god.
  1792 | D:3      | Reached XP level 5. HP: 45/45 MP: 4/4
  1816 | D:3      | Found a runed translucent door.
  1817 | D:3      | Noticed Crazy Yiuf
  1825 | D:3      | Killed Crazy Yiuf
  2136 | D:4      | Reached skill level 7 in Axes
  2535 | D:4      | Found a glowing drain.
  2559 | Sewer    | Entered a sewer
  2570 | Sewer    | Reached XP level 6. HP: 41/51 MP: 5/5
  2627 | Sewer    | Noticed a water moccasin
  2635 | Sewer    | Killed a water moccasin
  2636 | Sewer    | Reached skill level 8 in Axes
  3276 | D:5      | Entered Level 5 of the Dungeon
  3281 | D:5      | Reached skill level 9 in Axes
  3326 | D:5      | Found Niubror's General Store.
  3346 | D:5      | Found a hazy altar of Hepliaklqana.
  3374 | D:5      | Reached XP level 7. HP: 28/57 MP: 6/6
  3464 | D:5      | Noticed Ijyb
  3466 | D:5      | Found a sand-covered staircase.
  3475 | D:5      | Killed Ijyb
  3530 | Ossuary  | Entered an ossuary
  3561 | Ossuary  | Reached skill level 10 in Axes
  3680 | Ossuary  | Reached skill level 11 in Axes
  3756 | Ossuary  | Reached XP level 8. HP: 14/64 MP: 7/7
  4005 | D:5      | Noticed Prince Ribbit
  4042 | D:5      | Killed Prince Ribbit
  4113 | D:5      | Noticed Eustachio
  4148 | D:5      | Killed Eustachio
  4149 | D:5      | Reached skill level 12 in Axes
  4151 | D:5      | Found a radiant altar of Vehumet.
  4536 | D:6      | Reached skill level 13 in Axes
  4546 | D:6      | Found a staircase to the Ecumenical Temple.
  4561 | Temple   | Entered the Ecumenical Temple
  4708 | D:6      | Found Doinypsy's Fire Supplies.
  4782 | Temple   | Became a worshipper of Warmaster Okawaru
  5064 | D:6      | Reached skill level 14 in Axes
  5064 | D:6      | Reached XP level 9. HP: 70/70 MP: 8/8
  5270 | D:7      | Noticed Menkaure
  5275 | D:7      | Noticed Duvessa
  5277 | D:7      | Noticed Dowan
  5507 | D:7      | Identified the +0 robe of Letaejid {rElec SInv}
  5640 | D:7      | Killed Menkaure
  5775 | D:7      | Found Hokk's Neck Hole.
  5816 | D:7      | Reached * piety under Okawaru
  5817 | D:7      | Reached skill level 15 in Axes
  5995 | D:7      | Killed Duvessa
  6004 | D:7      | Killed Dowan
  6274 | D:7      | Noticed Maggie
  6283 | D:7      | Killed Maggie
  6284 | D:7      | Reached skill level 16 in Axes
  6403 | D:7      | Reached ** piety under Okawaru
  6823 | D:8      | Noticed Amaemon
  6824 | D:8      | Noticed an orange demon
  6832 | D:8      | Slain by Amaemon

Illustrated notes

Levels and vault maps discovered:
D:1:      onia_arrival_mini_maze_b, layout_basic
D:2:      minmay_angry_zag, layout_rooms, serial_shops, nicolae_diamond_shop
D:3:      layout_rooms, hellmonk_ecumenical_altar_lost_god, uniq_robin,
          uniq_crazy_yiuf_cottage
D:4:      layout_loops_cross, cheibrodos_sewer_entry_bend
D:5:      layout_rooms, mainiacjoe_overflow_catwalk, nicolae_vehumet_radiance,
          serial_shops, shop_fountains, gup_ossuary_entry_pyramid, uniq_ijyb,
          uniq_prince_ribbit1, uniq_eustachio
D:6:      layout_cave_pools, minmay_temple_entry_statues_pillars,
          kennysheep_flooded_box, nicolae_shop_fire_sale
          [nicolae_sub_dead_trees], minmay_misc_feat_nine_boxes
D:7:      layout_basic, nicolae_shop_sticking_my_neck_out, uniq_menkaure,
          uniq_maggie, uniq_duvessa
D:8:      layout_basic, grunt_gozag_statues, uniq_amaemon
Temple:   hc_temple_tempest_star

Skill      XL: |  1  2  3  4  5  6  7  8  9 |
---------------+----------------------------+-----
Axes           | 3 4 5 6 7 9 11 14 16 | 16.6
Fighting       | |  3.6
Armour         | |  3.6
Shields        | |  3.6

Action                     |  1- 3 |  4- 6 |  7- 9 || total
---------------------------+-------+-------+-------++-------
  Melee: War axe           |    95 |   175 |   254 ||   524
         Headbutt          |     6 |    18 |    51 ||    75
         Broad axe         |       |       |    21 ||    21
    Use: Scroll            |       |     6 |     5 ||    11
         Potion            |       |       |     2 ||     2
 Armour: Scale mail        |    49 |    87 |       ||   136
         Chain mail        |       |     5 |   151 ||   156
  Dodge: Dodged            |    48 |    87 |    89 ||   224
  Block: Buckler           |    30 |    41 |    50 ||   121

Table legend: (Time is in decaauts)
 A = Elapsed time spent in this place.
 B = Non-inter-level travel time spent in this place.
 C = Inter-level travel time spent in this place.
 D = Time resting spent in this place.
 E = Time spent auto-exploring this place.
 F = Levels seen in this place.
 G = Mean time per level.
                   A        B        C        D        E       F      G
               +--------+--------+--------+--------+--------+-----+--------+
         Total |   6871 |   6578 |    293 |    678 |   3569 |  11 |  624.6 |
       Dungeon |   6184 |   5929 |    255 |    377 |   3531 |   8 |  773.0 |
        Temple |     43 |      5 |     38 |      0 |      0 |   1 |   43.0 |
         Sewer |    214 |    214 |      0 |     83 |     38 |   1 |  214.0 |
       Ossuary |    430 |    430 |      0 |    218 |      0 |   1 |  430.0 |
               +--------+--------+--------+--------+--------+-----+--------+

Top non-repeatable levels by time:
     D:7: 1187 daAuts
     D:4: 974 daAuts
     D:6: 839 daAuts
     D:5: 790 daAuts
     D:3: 750 daAuts
     D:1: 734 daAuts
     D:2: 667 daAuts
 Ossuary: 430 daAuts
     D:8: 240 daAuts
   Sewer: 214 daAuts
  Temple: 43 daAuts
